 Dungeon Crawl Stone Soup version 0.26.0-18-gc5c842f807 (webtiles) character file.

Game seed: 17732304541837434559

233 qqq123 the Skirmisher (level 6, 0/39 HPs)
             Began as a Gargoyle Fighter on Jan 23, 2021.
             Slain by a wyvern zombie (6 damage)
             ... on level 6 of the Dungeon.
             The game lasted 00:04:34 (2663 turns).

qqq123 the Skirmisher (Gargoyle Fighter)            Turns: 2663, Time: 00:04:35

Health: 0/39       AC: 12    Str: 22    XL:     6   Next: 5%
Magic:  6/6        EV:  7    Int:  8    God:
Gold:   188        SH: 14    Dex:  9    Spells: 5/5 levels left

rFire    . . .     SeeInvis .   a - +0 war axe
rCold    . . .     Faith    .   c - +0 kite shield
rNeg     + . .     Spirit   .   b - +0 scale mail
rPois    ∞         Reflect  +   f - +1 hat
rElec    +         Harm     .   (no cloak)
rCorr    .         Rampage  .   (no gloves)
Will     .....                  (no boots)
Stlth    ..........             i - amulet of reflection
HPRegen  0.13/turn              (no ring)
MPRegen  0.10/turn              (no ring)

@: no status effects
A: negative energy resistance 1, electricity resistance, unbreathing,
petrification resistance, miasma immunity, AC +4
a: no special abilities


You were on level 6 of the Dungeon.
You visited 1 branch of the dungeon, and saw 4 of its levels.

You collected 188 gold pieces.

Inventory:

Hand Weapons
 a - a +0 war axe (weapon)
Armour
 b - a +0 scale mail (worn)
 c - a +0 kite shield (worn)
 f - a +1 hat (worn)
Jewellery
 i - an amulet of reflection (around neck)
Wands
 g - a wand of acid (13)
Scrolls
 e - a scroll of remove curse
 h - 2 scrolls of identify
Potions
 d - a potion of might
 j - a potion of lignification {unknown}
 k - 3 potions of brilliance {unknown}
 l - a potion of degeneration {unknown}
 m - a potion of invisibility {unknown}


   Skills:
 + Level 4.3 Fighting
 * Level 3.7 Axes
 + Level 4.2 Armour
 + Level 4.3 Shields


You had 5 spell levels left.
You didn't know any spells.
Your spell library was empty.

Dungeon Overview and Level Annotations

Branches:
Dungeon (3/15)

Altars:


Innate Abilities, Weirdness & Mutations

You are resistant to torment.
Your stone body is resilient. (AC +4)
You are immune to poison.
You resist negative energy. (rN+)
You are resistant to electric shocks. (rElec)
You can survive without breathing.
You are immune to petrification.
You are immune to miasma.


Message History

You are too injured to fight recklessly!
You are too injured to fight recklessly!
You are too injured to fight recklessly!
You are too injured to fight recklessly!
You are too injured to fight recklessly!
You are too injured to fight recklessly!
You are too injured to fight recklessly!
You are too injured to fight recklessly!
You are too injured to fight recklessly!
You closely miss the bullfrog.
The bullfrog is almost dead.
You barely miss the wyvern zombie. The wyvern zombie bites you.
You block the bullfrog's attack. The wyvern zombie bites you!
* * * LOW HITPOINT WARNING * * *
You block the bullfrog's attack.
You closely miss the bullfrog.
The bullfrog is almost dead.
You slash the wyvern zombie! You block the bullfrog's attack.
The wyvern zombie bites you.
You die...

#.... #....
.# #.... .#
#....###.##
#.........#
#.........#
#....F....#
#....@....#
#....Z....#
#.........#
#.........#
#.........#
#.........#
#.........#
###.#######
..


You could see a bullfrog and a wyvern zombie.

Vanquished Creatures
  An ice beast (D:3)
  A centaur skeleton (D:3)
  3 gnolls
  An adder (D:3)
  An ooze (D:3)
  2 dart slugs (D:3)
  2 worms
  4 leopard geckos
  4 orcs (D:3)
  A ball python (D:3)
  4 giant cockroaches
  6 goblins
  10 hobgoblins
  6 kobolds
  4 bats (D:1)
  4 frilled lizards
  2 rats
56 creatures vanquished.

Notes
Turn   | Place    | Note
-------+----------+-------------------------------------------
     0 | D:1      | qqq123 the Gargoyle Fighter began the quest for the Orb.
     0 | D:1      | Reached XP level 1. HP: 14/14 MP: 1/1
   169 | D:1      | Reached XP level 2. HP: 19/19 MP: 2/2
   678 | D:1      | Reached XP level 3. HP: 23/23 MP: 3/3
  1248 | D:1      | Reached XP level 4. HP: 4/29 MP: 4/4
  2171 | D:3      | Reached XP level 5. HP: 23/33 MP: 5/5
  2628 | D:3      | Noticed an ice beast
  2636 | D:3      | Killed an ice beast
  2637 | D:3      | Reached XP level 6. HP: 39/39 MP: 6/6
  2655 | D:3      | You fall into a shaft and drop 3 floors!
  2663 | D:6      | Slain by a wyvern zombie

Illustrated notes

Levels and vault maps discovered:
D:1:      psy_arrival_basics, layout_basic, dk_noncrumbling_3
D:2:      layout_basic
D:3:      layout_loops_cross
D:6:      layout_basic, minmay_overflow_temple_star_hex, uniq_pikel,
          uniq_edmund, uniq_maggie

Skill      XL: |  1  2  3  4 |
---------------+-------------+-----
Axes           | 2 3 |  3.7
Fighting       | 4 |  4.3
Shields        | 4 |  4.3
Armour         | 4 |  4.2

Action                   |  1- 3 |  4- 6 || total
-------------------------+-------+-------++-------
Melee: War axe           |   114 |    81 ||   195
  Use: Scroll            |     6 |       ||     6
Armor: Scale mail        |    58 |    26 ||    84
Dodge: Dodged            |    37 |    21 ||    58
Block: Kite shield       |    56 |    68 ||   124
       Reflection        |       |     6 ||     6
